AoeStats
← Fathandzzz

Lombardia

509281516Analyzed
2v2 RM · 5d ago on Sep 26, 2026· 50m 9s· 4 players
Game mode
Random Map
Map size
Medium (4 player)
Population
200
Speed
Normal
Resources
Standard
Victory
Conquest
Starting age
Dark Age
Ending age
Imperial Age
RankedLock teamsTeams togetherTeam positionsShared explorationLock speedFull tech treeHidden civsTurbo modeCheats
Victory
Defeat
🇵🇪 Persians · Peru
1288
+11
🇲🇽 Mongols · Mexico
1207
+15
🇺🇸 Franks · United States
1177
-13
🇺🇸 Teutons · United States
1177
-13
VZ | YURIEL
5:22 Loom
7:44 Feudal Age
8:54 Double-Bit Axe
14:44 Horse Collar
18:23 Wheelbarrow
20:18 Bloodlines
24:56 Castle Age
23:26 Scale Barding Armor
23:14 Fletching
25:31 Bodkin Arrow
25:56 Bow Saw
25:42 Gold Mining
26:31 Stone Mining
29:08 Ballistics
30:15 Thumb Ring
34:24 Imperial Age
33:44 Stone Shaft Mining
33:47 Gold Shaft Mining
33:43 Husbandry
35:24 Bracer
36:12 Conscription
35:55 Padded Archer Armor
37:09 Leather Archer Armor
37:27 Parthian Tactics
38:25 Chemistry
38:29 Elite Mangudai
44:10 Drill
44:10 Onager
46:40 Siege Onager
ernesto97andre
6:51 Loom
9:26 Feudal Age
10:07 Double-Bit Axe
17:39 Scale Barding Armor
17:17 Horse Collar
20:19 Castle Age
20:54 Bloodlines
21:02 Forging
21:49 Husbandry
22:47 Chain Barding Armor
22:59 Bow Saw
25:01 Gold Mining
26:07 Heavy Plow
31:30 Wheelbarrow
32:58 Stone Mining
36:07 Imperial Age
36:06 Iron Casting
35:57 Cavalier
37:13 Plate Barding Armor
36:38 Fletching
38:47 Chemistry
39:47 Masonry
39:58 Conscription
43:21 Savar
45:01 Bodkin Arrow
44:28 Light Cavalry
49:04 Blast Furnace
Fathandzzz
8:12 Loom
10:46 Feudal Age
11:58 Double-Bit Axe
12:28 Horse Collar
15:29 Fletching
17:37 Wheelbarrow
21:57 Castle Age
19:57 Man-at-Arms
20:40 Scale Mail Armor
21:37 Forging
23:13 Bodkin Arrow
29:24 Atonement
31:38 Redemption
32:38 Chain Mail Armor
32:59 Iron Casting
34:02 Sanctity
37:39 Imperial Age
36:30 Scale Barding Armor
38:20 Bloodlines
38:33 Chain Barding Armor
39:42 Conscription
39:21 Cavalier
40:04 Heavy Plow
42:11 Plate Barding Armor
42:11 Paladin
44:12 Hand Cart
Killacammmmm461
8:17 Loom
11:08 Feudal Age
11:39 Double-Bit Axe
24:11 Castle Age
22:46 Gold Mining
27:02 Pikeman
29:41 Stone Mining
31:22 Scale Barding Armor
40:53 Chain Barding Armor
40:44 Forging
43:57 Imperial Age
42:11 Wheelbarrow
41:58 Husbandry
44:38 Iron Casting
43:58 Cavalier
46:18 Plate Barding Armor
48:31 Fletching
49:33 Light Cavalry
Connection lost

Rejoining the realm…

Still unreachable

The connection could not be restored.

Session expired

The server has moved on; the page needs a fresh start.